 Dungeon Crawl Stone Soup version 0.19.1 (webtiles) character file.

51 Krapule the Insei (level 3, 0/23 HPs)
             Began as an Octopode Transmuter on Dec 3, 2016.
             Slain by Terence
             ... wielding a +0 short sword
              (5 damage)
             ... on level 2 of the Dungeon.
             The game lasted 00:02:17 (797 turns).

Krapule the Insei (Octopode Transmuter)              Turns: 797, Time: 00:02:17

Health: 0/23       AC:  1    Str:  9    XL:     3   Next: 83%
Magic:  1/6        EV: 13    Int: 16    God:
Gold:   93         SH:  0    Dex: 12    Spells: 2 memorised, 3 levels left

rFire  . . .     SeeInvis .       - Unarmed
rCold  . . .     Gourm    .     (no shield)
rNeg   . . .     Faith    .     (helmet restricted)
rPois  .         Spirit   .     (no amulet)
rElec  .         Reflect  .     (no ring)
rCorr  .         Harm     .     (no ring)
MR     .....                    (no ring)
Stlth  ++........               (no ring)
                                (no ring)
                                (no ring)
                                (no ring)
                                (no ring)

@: appendage (expiring), very slightly contaminated
A: almost no armour, stealthy swim, amphibious, 8 rings, constrict 8, tentacle
spike 3, camouflage 1, gelatinous body 1
a: End Transformation


You were on level 2 of the Dungeon.
You were not hungry.
One of your tentacles had a temporary spike.
You visited 1 branch of the dungeon, and saw 2 of its levels.

You collected 93 gold pieces.

Inventory:

Missiles
 a - 10 arrows
Scrolls
 d - a scroll of blinking {unknown}
 h - a scroll of fog {unknown}
 k - 2 scrolls of identify {unknown}
Potions
 e - a potion of heal wounds {unknown}
 g - 2 potions of resistance {unknown}
 i - a potion of berserk rage {unknown}
 l - a potion of lignification {unknown}
 m - a potion of haste {unknown}
 n - a potion of curing {unknown}
Books
 b - a book of Changes

   Spells                             Type                      Level
   a - Beastly Appendage              Transmutation                1
   b - Sticks to Snakes               Transmutation                2
   c - Spider Form                    Transmutation/Poison         3
   d - Ice Form                       Ice/Transmutation            4
   e - Blade Hands                    Transmutation                5
Comestibles
 c - a bread ration
 f - a slice of pizza
 j - a beef jerky


   Skills:
 + Level 1.5 Fighting
 + Level 2.5 Dodging
 + Level 3.2 Unarmed Combat
 - Level 2.0 Spellcasting
 * Level 3.1 Transmutations


You had 3 spell levels left.
You knew the following spells:

 Your Spells              Type           Power        Failure   Level  Hunger
a - Beastly Appendage     Tmut           ##....       8%          1    #......
z - Sticks to Snakes      Tmut           ##......     10%         2    ###....


Dungeon Overview and Level Annotations

Branches:
Dungeon (2/15)

Altars:

Annotations:
D:2 Terence


Innate Abilities, Weirdness & Mutations

You cannot wear most types of armour.
You are very stealthy in the water. (Stealth+)
You are amphibious.
You can wear up to eight rings at the same time.
You can use your tentacles to constrict eight enemies at once.
Your skin changes colour to match your surroundings (Stealth+).
Your rubbery body absorbs attacks. (AC +1, EV +1)
One of your tentacles bears a large vicious spike.


Message History

You tentacle-slap Terence.
Terence is moderately wounded.
Terence completely misses you.
Your ball python bites Terence but does no damage.
Your ball python constricts Terence.
You tentacle-slap Terence but do no damage.
Terence is moderately wounded.
Your ball python bites Terence.
Your ball python constricts Terence.
Terence barely misses you.
You tentacle-slap Terence.
You pierce Terence, but do no damage.
Terence is moderately wounded.
Your ball python bites Terence.
Your ball python constricts Terence.
Terence hits you with a short sword.
* * * LOW HITPOINT WARNING * * *
You tentacle-slap Terence but do no damage.
You squeeze Terence.
Terence is severely wounded.
Your ball python bites Terence but does no damage.
Your ball python constricts Terence.
Terence hits you with a short sword.
You die...

####..###..#..## #.
#............## #.#
####.#..###......( #@#
#....#..####.#.### #.#
#.#............... #.#
#..).#..######..## #.#
##.#.#..######..##
#.####.#.....[.......#
#....@@.....######....
#.####S###.........#.#
#..........)########.#
######.####.# #.# #.#
#.########.# #.#
#........... #.#
##########.# #.# #.#
#.# #.#


You could see Terence and a friendly ball python.

Vanquished Creatures
  Jessica (D:2)
  A leopard gecko (D:1)
  3 giant cockroaches
  4 goblins
  3 hobgoblins
  3 jackals (D:1)
  3 bats
  A frilled lizard (D:2)
  2 kobolds (D:1)
  3 rats
24 creatures vanquished.

Notes
Turn   | Place    | Note
-------+----------+-------------------------------------------
     0 | D:1      | Krapule the Octopode Transmuter began the quest for the Orb.
     0 | D:1      | Reached XP level 1. HP: 13/13 MP: 3/3
   312 | D:1      | Reached XP level 2. HP: 14/18 MP: 5/5
   698 | D:2      | Reached XP level 3. HP: 23/23 MP: 6/6
   753 | D:2      | Learned a level 2 spell: Sticks to Snakes
   769 | D:2      | Noticed Jessica
   779 | D:2      | Killed Jessica
   784 | D:2      | Noticed Terence
   797 | D:2      | Slain by Terence

Skill      XL: |  1  2  3 |
---------------+----------+-----
Transmutations | 3 |  3.1
Fighting       | |  1.5
Dodging        | |  2.5
Unarmed Combat | |  3.2
Spellcasting   | |  2.0

Action                   || total
-------------------------++-------
Melee: Unarmed           ||    59
       Tentacles         ||    14
       Constrict         ||    12
       Kick              ||     1
 Cast: Sticks to Snakes  ||     2
       Beastly Appendage ||     1
 Stab: Sleeping          ||     2
Armor: Skin              ||     3
Dodge: Dodged            ||    28
